 Dungeon Crawl Stone Soup version 0.25-a0-346-g140ab784a8 (webtiles) character file.

Game seed: 17590234590115213269, levelgen mode: deterministic

81 PentaManta the Chopper (level 4, -5/28 HPs)
             Began as a Gargoyle Fighter on Jan 1, 2020.
             Killed by divine providence
             ... invoked by an orc priest
              (13 damage)
             ... on level 4 of the Dungeon.
             The game lasted 00:06:25 (1755 turns).

PentaManta the Chopper (Gargoyle Fighter)           Turns: 1755, Time: 00:06:25

Health: -5/28      AC: 11    Str: 20    XL:     4   Next: 40%
Magic:  4/4        EV:  7    Int:  9    God:
Gold:   108        SH:  9    Dex:  9    Spells: 3/3 levels left

rFire    . . .     SeeInvis .   e - +0 whip
rCold    . . .     Gourm    .   c - +0 shield
rNeg     + . .     Faith    .   b - +0 scale mail
rPois    ∞         Spirit   .   (no helmet)
rElec    +         Reflect  .   k - +0 cloak (curse)
rCorr    .         Harm     .   (no gloves)
MR       .....                  (no boots)
Stlth    ..........             (no amulet)
HPRegen  0.09/turn              (no ring)
MPRegen  0.09/turn              (no ring)

@: no status effects
A: negative energy resistance 1, electricity resistance, unbreathing,
petrification resistance, rot immunity, AC +3
a: no special abilities


You were on level 4 of the Dungeon.
You were not hungry.

You visited 1 branch of the dungeon, and saw 4 of its levels.

You collected 108 gold pieces.

Inventory:

Hand Weapons
 a - a +0 war axe
 e - a +0 whip (weapon)
 o - a +0 hand axe
Missiles
 h - 8 poisoned darts (quivered)
Armour
 b - a +0 scale mail (worn)
 c - a +0 shield (worn)
 k - a cursed +0 cloak (worn)
Scrolls
 g - 2 scrolls of enchant armour {unknown}
 j - 2 scrolls of identify {unknown}
 l - 3 scrolls of blinking {unknown}
 n - a scroll of fear {unknown}
Potions
 d - a potion of might
 i - a potion of degeneration {unknown}
 m - a potion of curing {unknown}
Comestibles
 f - 4 rations
 p - 2 chunks of flesh


   Skills:
 - Level 3.2 Fighting
 + Level 4.1 Axes
 - Level 3.2 Armour
 - Level 3.2 Shields


You had 3 spell levels left.
You didn't know any spells.
Your spell library was empty.

Dungeon Overview and Level Annotations

Branches:
Dungeon (4/15)
 Temple: D:4-7

Altars:
Wu Jian

Annotations:
D:3 1 transporter


Innate Abilities, Weirdness & Mutations

You are resistant to torment.
Your stone body is resilient. (AC +3)
You are immune to poison.
You resist negative energy. (rN+)
You are resistant to electric shocks. (rElec)
You can survive without breathing.
You are immune to petrification.
You are immune to rotting.


Message History

You block the orc priest's attack.
You closely miss the orc priest.
The orc priest is almost dead.
The orc priest barely misses you.
You closely miss the orc priest.
The orc priest is almost dead.
The orc priest barely misses you.
You closely miss the orc priest.
The orc priest is almost dead.
The orc priest barely misses you.
You barely miss the orc priest.
The orc priest is almost dead.
You barely miss the orc priest.
The orc priest is almost dead.
The orc priest closely misses you.
You hit the orc priest but do no damage.
The orc priest is almost dead.
The orc priest calls down the wrath of Beogh upon you.
Beogh smites you!
You die...

##.##
#...###
.....
...#
#.####.#
#......#
######.#
#o# #@#
#)# #.#
#.# #.#
#.. ...
...


You could see an orc priest.

Vanquished Creatures
  A howler monkey skeleton (D:2)
  2 adders (D:2)
  A worm (D:2)
  2 dart slugs (D:1)
  A leopard gecko (D:1)
  2 orcs (D:4)
  8 bats
  3 giant cockroaches (D:1)
  4 goblins
  7 hobgoblins
  2 frilled lizards (D:1)
  4 kobolds
  6 rats
43 creatures vanquished.

Notes
Turn   | Place    | Note
-------+----------+-------------------------------------------
     0 | D:1      | PentaManta the Gargoyle Fighter began the quest for the
                  | Orb.
     0 | D:1      | Reached XP level 1. HP: 14/14 MP: 1/1
     2 | D:1      | Noticed a minotaur
     2 | D:1      | Noticed a spriggan
     4 | D:1      | Noticed a demigod
     4 | D:1      | Noticed a vampire
     6 | D:1      | Noticed a formicid
     8 | D:1      | Noticed a halfling
    10 | D:1      | Noticed a gargoyle
    10 | D:1      | Noticed a troll
    12 | D:1      | Noticed a tengu
    12 | D:1      | Noticed an elf
    14 | D:1      | Noticed a merfolk
    14 | D:1      | Noticed a vine stalker
    16 | D:1      | Noticed a draconian
    16 | D:1      | Noticed a felid
    18 | D:1      | Noticed an octopode
    18 | D:1      | Noticed a human
    20 | D:1      | Noticed an ogre
    22 | D:1      | Noticed a ghoul
    24 | D:1      | Noticed a naga
    24 | D:1      | Noticed a demonspawn
    26 | D:1      | Noticed a dwarf
    26 | D:1      | Noticed a centaur
   114 | D:1      | Reached skill level 2 in Axes
   152 | D:1      | Reached XP level 2. HP: 17/19 MP: 2/2
   362 | D:1      | Reached skill level 3 in Axes
   363 | D:1      | Reached XP level 3. HP: 20/23 MP: 3/3
  1144 | D:2      | Reached XP level 4. HP: 28/28 MP: 4/4
  1167 | D:2      | Reached skill level 4 in Axes
  1373 | D:3      | Found an ornate altar of the Wu Jian Council.
  1376 | D:3      | Found a transporter.
  1755 | D:4      | Killed from afar by an orc priest

Levels and vault maps discovered:
D:1:      kb_arrival_jail, layout_rooms, minmay_tetromino_s2
D:2:      layout_basic
D:3:      gammafunk_wand_slinger, layout_basic, nicolae_overflow_hidden_temple
D:4:      layout_loops_corners, first_ration

Skill      XL: |  1  2  3  4 |
---------------+-------------+-----
Axes           | 2 3 4 |  4.1
Fighting       | |  3.2
Armour         | |  3.2
Shields        | |  3.2

Action                   |  1- 3 |  4- 6 || total
-------------------------+-------+-------++-------
Melee: Whip              |   188 |    44 ||   232
       War axe           |     4 |       ||     4
  Eat: Chunk             |     1 |     2 ||     3
Armor: Scale mail        |   113 |    12 ||   125
Dodge: Dodged            |    67 |    12 ||    79
Block: Shield            |    93 |    13 ||   106

Table legend:
 A = Non-vault XP
 B = Vault XP
 C = Vault XP percentage of total XP
 D = Non-vault monster count
 E = Vault monster count
 F = Vault count percentage of total count
                 A         B        C        D         E       F
            +---------+---------+-------+---------+---------+-------
      Total |     115 |       1 |   0.9 |      42 |       1 |   2.3
            +---------+---------+-------+---------+---------+-------
        D:1 |      46 |       1 |   2.1 |      24 |       1 |   4.0
        D:2 |      62 |       0 |   0.0 |      15 |       0 |   0.0
        D:3 |       1 |       0 |   0.0 |       1 |       0 |   0.0
        D:4 |       6 |       0 |   0.0 |       2 |       0 |   0.0
            +---------+---------+-------+---------+---------+-------
